 Dungeon Crawl Stone Soup version 0.23-a0-536-g5e0f5a2 (webtiles) character file.

174 russianmonk1111 the Ruffian (level 5, 0/53 HPs)
             Began as an Ogre Transmuter on Dec 6, 2018.
             Slain by a centaur (9 damage)
             ... on level 4 of the Dungeon.
             The game lasted 00:10:08 (3967 turns).

russianmonk1111 the Ruffian (Ogre Transmuter)       Turns: 3967, Time: 00:10:09

Health: 0/53       AC:  3    Str: 14    XL:     5   Next: 54%
Magic:  4/8        EV: 10    Int: 15    God:
Gold:   187        SH:  0    Dex:  9    Spells: 2/8 levels left

rFire    . . .     SeeInvis .     - Unarmed
rCold    . . .     Gourm    .   (no shield)
rNeg     . . .     Faith    .   b - +0 robe
rPois    .         Spirit   .   (helmet restricted)
rElec    .         Reflect  .   (no cloak)
rCorr    .         Harm     .   (gloves unavailable)
MR       .....                  (boots unavailable)
Stlth    +.........             (no amulet)
HPRegen  0.17/turn              (no ring)
MPRegen  0.11/turn              (no ring)

@: appendage, very slightly contaminated
A: large, unfitting armour, horns 2, tough skin 1
a: End Transformation


You were on level 4 of the Dungeon.
You were not hungry.
You had grown temporary horns.
You visited 1 branch of the dungeon, and saw 4 of its levels.

You collected 187 gold pieces.

Inventory:

Hand Weapons
 g - a +0 blowgun
Missiles
 a - 68 arrows
 e - 31 sling bullets
 m - 6 poisoned needles
Armour
 b - a +0 robe (worn)
Scrolls
 c - a scroll of identify {@r1}
 f - a scroll of fog
 i - a scroll of remove curse {@r2}
 j - a scroll of teleportation {@r4}
 n - 2 scrolls of enchant weapon
Potions
 h - a potion of mutation {!q}
 k - a potion of curing {@q1}
 l - 2 potions of flight {unknown}
 o - a potion of agility {unknown}
 p - a potion of resistance {unknown}
 q - 2 potions of lignification {unknown}
 r - a potion of heal wounds {unknown}
 s - a potion of berserk rage {unknown}
 t - a potion of might {unknown}
Comestibles
 d - 4 rations {!d}


   Skills:
 + Level 3.5 Fighting
 - Level 1.7 Dodging
 * Level 4.3 Unarmed Combat
 - Level 2.4 Spellcasting
 + Level 2.9 Transmutations


You had 2 spell levels left.
You knew the following spells:

 Your Spells              Type           Power        Failure   Level  Hunger
a - Beastly Appendage     Tmut           ##....       6%          1    #......
b - Sticks to Snakes      Tmut           ##......     10%         2    ###....
c - Spider Form           Tmut/Pois      #.........   34%         3    ###....

Your spell library contained the following spells:

 Spells                   Type           Power        Failure   Level  Hunger
 Ice Form                 Ice/Tmut       #.......     75%         4    #####..
 Blade Hands              Tmut           ##........   87%         5    ######.


Dungeon Overview and Level Annotations

Branches:
Dungeon (4/15)
 Temple: D:4-7

Altars:
Ashenzari
Kikubaaqudgha
Makhleb
Okawaru
Yredelemnul


Innate Abilities, Weirdness & Mutations

You are too large for most types of armour.
You have tough skin. (AC +1)
You have a pair of horns on your head.


Message History

The arrow hits you.
* * * LOW HITPOINT WARNING * * *
The centaur shoots an arrow.
The arrow hits your ball python!
Your ball python dies!
The centaur shoots an arrow.
The arrow hits you.
* * * LOW HITPOINT WARNING * * *
You see here an arrow.
The centaur shoots an arrow.
The arrow hits you!
* * * LOW HITPOINT WARNING * * *
You see here an arrow.
You feel better.
The centaur shoots an arrow.
The arrow barely misses you.
The centaur unwields a +0 shortbow.
The centaur hits you.
* * * LOW HITPOINT WARNING * * *
You see here an arrow.
Casting: Sticks to Snakes (safe; 10% risk of failure)
You grow a pair of large bovine horns.
The centaur hits you!
* * * LOW HITPOINT WARNING * * *
You hit the centaur. You headbutt the centaur. The centaur barely misses you.
You hit the centaur. The centaur closely misses you. The centaur hits you!
You die...

... #.#
#.##.#
#.##.#
##.##.#
......
#.##.#
#(##c# #
#@##.#
#.##.#c#(#
..###(.#
#.##.#.###
# #.## #.#
#.#
########.#
#.#
.....<..>#
#.#


You could see a centaur.

Vanquished Creatures
  A jelly (D:3)
  Jessica (D:2)
  4 adders
  3 worms (D:2)
  3 dart slugs
  2 leopard geckos
  8 bats
  2 bat zombies (D:2)
  3 giant cockroaches
  7 goblins
  5 hobgoblins
  3 jackals (D:1)
  11 kobolds
  5 frilled lizards
  10 rats
  2 rat zombies (D:2)
70 creatures vanquished.

Notes
Turn   | Place    | Note
-------+----------+-------------------------------------------
     0 | D:1      | russianmonk1111 the Ogre Transmuter began the quest for the
                  | Orb.
     0 | D:1      | Reached XP level 1. HP: 19/19 MP: 3/3
    68 | D:1      | Reached skill level 3 in Unarmed Combat
    68 | D:1      | Reached XP level 2. HP: 19/28 MP: 3/5
   303 | D:1      | Learned a level 2 spell: Sticks to Snakes
   675 | D:1      | Reached XP level 3. HP: 31/35 MP: 6/6
  1091 | D:2      | Learned a level 3 spell: Spider Form
  1354 | D:2      | Found a shattered altar of Ashenzari.
  1436 | D:2      | Reached XP level 4. HP: 38/44 MP: 5/7
  1667 | D:2      | Noticed Jessica
  1674 | D:2      | Killed Jessica
  2325 | D:2      | Found a burning altar of Makhleb.
  2750 | D:2      | Found an ancient bone altar of Kikubaaqudgha.
  2856 | D:3      | Reached skill level 4 in Unarmed Combat
  3010 | D:3      | Reached XP level 5. HP: 35/53 MP: 6/8
  3165 | D:3      | Found a basalt altar of Yredelemnul.
  3423 | D:3      | Found an iron altar of Okawaru.
  3952 | D:4      | Noticed a centaur
  3967 | D:4      | Slain by a centaur

Vault maps used:
D:1:      dpeg_arrival_short_road, minmay_pentomino_o4
D:2:      old_standard_altar, lemuel_zombie_altar_kikubaaqudgha,
          marbit_many_paths, minmay_door_square, uniq_jessica
D:3:      lemuel_round_altar, yredelemnul_altar_generic
D:4:      lightli_sewer_entry_pipes, first_ration, grunt_decor_clamped,
          corexii_shack, fedhas_bush_and_centaur_altar, uniq_edmund

Skill      XL: |  1  2  3  4 |
---------------+-------------+-----
Unarmed Combat | 3 4 |  4.3
Transmutations | 2 |  2.9
Fighting       | 2 3 |  3.5
Dodging        | |  1.7
Spellcasting   | |  2.4

Action                   |  1- 3 |  4- 6 || total
-------------------------+-------+-------++-------
Melee: Unarmed           |   170 |   155 ||   325
       Kick              |     6 |       ||     6
       Headbutt          |     1 |     3 ||     4
       Punch             |     1 |     1 ||     2
 Cast: Beastly Appendage |     5 |     3 ||     8
       Sticks to Snakes  |       |     3 ||     3
  Use: Scroll            |       |     7 ||     7
       Potion            |       |     1 ||     1
  Eat: Chunk             |     2 |     8 ||    10
Armor: Robe              |    78 |    37 ||   115
Dodge: Dodged            |   137 |    86 ||   223

Table legend:
 A = Non-vault XP
 B = Vault XP
 C = Vault XP percentage of total XP
 D = Non-vault monster count
 E = Vault monster count
 F = Vault count percentage of total count
                 A         B        C        D         E       F
            +---------+---------+-------+---------+---------+-------
      Total |     205 |      44 |  17.7 |      61 |       9 |  12.9
            +---------+---------+-------+---------+---------+-------
        D:1 |      40 |       5 |  11.1 |      23 |       3 |  11.5
        D:2 |      60 |      39 |  39.4 |      23 |       6 |  20.7
        D:3 |     103 |       0 |   0.0 |      14 |       0 |   0.0
        D:4 |       2 |       0 |   0.0 |       1 |       0 |   0.0
            +---------+---------+-------+---------+---------+-------
